 Dungeon Crawl Stone Soup version 0.29-a0-243-g602b31c20e (webtiles) character file.

Game seed: 4467925602123805913

188 spaghetti the Covered (level 5, -1/63 HPs)
             Began as a Demigod Fighter on Mar 4, 2022.
             Slain by Duvessa
             ... wielding a +0 short sword
              (3 damage)
             ... on level 4 of the Dungeon.
             The game lasted 00:04:30 (3578 turns).

spaghetti the Covered (Demigod Fighter)             Turns: 3578, Time: 00:04:30

Health: -1/63      AC: 22    Str: 21      XL:     5   Next: 16%
Magic:  7/7        EV:  2    Int: 10      God:
Gold:   84         SH:  4    Dex: 10 (13) Spells: 4/4 levels left

rFire   . . .      SeeInvis .   f - +5 dagger {short}
rCold   . . .      Faith    .   b - +0 buckler
rNeg    . . .      Spirit   .   (body armour currently unavailable)
rPois   +          Reflect  .   (helmet currently unavailable)
rElec   .          Harm     .   (cloak currently unavailable)
rCorr   .          Rampage  .   (gloves currently unavailable)
Will    .....      NoTele   +   (boots currently unavailable)
Stlth   +.........              (no amulet)
HPRegen 0.20/turn               q - ring of poison resistance
MPRegen 0.10/turn               (no ring)

@: mighty, tree-form (expiring)
A: stationary, stasis, torment immunity, boosted hp, high MP 1, forlorn, divine
attributes
a: no special abilities


You were on level 4 of the Dungeon.
You were a tree.
You visited 1 branch of the dungeon, and saw 4 of its levels.

You collected 84 gold pieces.


Innate Abilities, Weirdness & Mutations

You are a tree.
Your roots penetrate the ground, keeping you stationary.
You cannot be teleported.
You are immune to unholy pain and torment.
Your maximum health is greatly increased.
Your equipment is partially melded.
You have an increased reservoir of magic. (+10% MP)
You shall have no god before yourself.
Your divine heritage dramatically boosts your attributes as you level up.


   Skills:
 - Level 2.6 Fighting
 - Level 5.1 Armour
 + Level 1.6 Dodging
 - Level 2.6 Shields
 - Level 2.1 Unarmed Combat


You had 4 spell levels left.
You didn't know any spells.
Your spell library was empty.

Inventory:

Hand Weapons
 e - a +0 club {mace}
   (You took it off a kobold on level 1 of the Dungeon)
 f - a +5 dagger (weapon) {short}
   (You found it on level 1 of the Dungeon)
 v - a +0 short sword of holy wrath {short}
   (You took it off a kobold on level 3 of the Dungeon)
Missiles
 i - 103 stones (quivered) {throwing}
 u - 5 poisoned darts {throwing}
Armour
 a - a +0 scale mail
 b - a +0 buckler (worn)
 g - a +0 cloak (melded)
   (You found it on level 3 of the Dungeon)
 k - a +0 pair of gloves (melded)
   (You found it on level 1 of the Dungeon)
 t - the +1 leather armour of Caustic Creativity (melded) {Dex+3}
   (You found it on level 2 of the Dungeon)

   Dex:       It affects your dexterity (+3).
Jewellery
 l - a ring of ice
   (You found it on level 1 of the Dungeon)
 q - a ring of poison resistance (left branch)
   (You found it on level 2 of the Dungeon)
Wands
 s - a wand of mindburst (16)
   (You found it on level 2 of the Dungeon)
Scrolls
 d - a scroll of amnesia
 h - a scroll of teleportation {@r4}
 j - a scroll of identify {@r1}
 n - 2 scrolls of magic mapping {!r}
 p - 2 scrolls of immolation {!r!r}
Potions
 m - a potion of lignification {!q}

Dungeon Overview and Level Annotations

Branches:
Dungeon (4/15)
 Temple: D:4-7

Shops:
D:1 (

Annotations:
D:4 Duvessa

#######..### .#
##...### ..#
#.....### ....
##........ .....
#...####.. .....#
##...# # ......#
##....# ......e##
##.....# ......)♣##
#......##
......S..###.......#
..#...........#....#
###........##....#
#.......###.....#
##.......##.......
..........##......
.......##.... ....
.......## #....


You could see Duvessa (berserk) and a water moccasin.


Message History

Duvessa hits you but does no damage.
You feel your strength returning.
Your Dodging skill increases to level 1!
You have reached level 5! 😮 HP[+4] MP[+1]
You now have 63 max hp (+8).
You regained 4 hp, and now have 46/63 hp.
Your mp is fully restored (7).
You barely miss Duvessa.
The water moccasin bites you but does no damage.
You block Duvessa's attack.
The water moccasin bites you but does no damage.
Duvessa hits you but does no damage.
You hit Duvessa. The water moccasin bites you.
Duvessa hits you but does no damage. 😮 HP[-2]
You take 2 damage, and now have 44/63 hp.
You barely miss Duvessa.
The water moccasin bites you but does no damage.
Duvessa barely misses you.
The water moccasin bites you but does no damage.
Duvessa hits you but does no damage.
You barely miss Duvessa. You block the water moccasin's attack.
Duvessa hits you but does no damage. 😮 HP[+1]
You hit Duvessa. Duvessa hits you with a +0 short sword!
The water moccasin bites you but does no damage. x2
Duvessa hits you but does no damage. 😮 HP[-7]
You take 7 damage, and now have 38/63 hp.
You barely miss Duvessa. You block Duvessa's attack.
The water moccasin bites you but does no damage.
You hit Duvessa but do no damage. Duvessa hits you with a +0 short sword.
The water moccasin bites you but does no damage.
Duvessa hits you but does no damage. The water moccasin bites you.
* * * LOW HITPOINT WARNING * * *
😨 HP[-7]
You take 7 damage, and now have 31/63 hp.
You hit Duvessa but do no damage. Duvessa completely misses you.
The water moccasin bites you but does no damage.
Duvessa hits you with a +0 short sword.
* * * LOW HITPOINT WARNING * * *
😨 HP[-4]
You take 4 damage, and now have 27/63 hp.
You barely miss Duvessa.
The water moccasin bites you but does no damage.
You block Duvessa's attack.
The water moccasin bites you but does no damage. 😨 HP[+1]
You closely miss Duvessa. You block Duvessa's attack.
The water moccasin bites you but does no damage.
Duvessa hits you but does no damage.
You hit Duvessa.
The water moccasin bites you but does no damage.
Duvessa hits you but does no damage.
The water moccasin bites you but does no damage.
You closely miss Duvessa. Duvessa hits you with a +0 short sword.
* * * LOW HITPOINT WARNING * * *
The water moccasin bites you but does no damage.
Duvessa hits you but does no damage. 😨 HP[-4]
You take 4 damage, and now have 24/63 hp.
You closely miss Duvessa.
The water moccasin bites you but does no damage.
Duvessa hits you with a +0 short sword!
* * * LOW HITPOINT WARNING * * *
😱 HP[-9]
You take 9 damage, and now have 15/63 hp.
Press: ? - help, v - describe, . - travel
Here: Duvessa, wielding a +0 short sword and wearing a +0 ring mail (lightly wounded, berserk)
The floor.
Aiming: Mindburst
Press: ? - help, Shift-Dir - straight line, f - Duvessa
Aim: Duvessa, wielding a +0 short sword and wearing a +0 ring mail (lightly wounded, berserk, chance to affect: 47%) Duvessa resists with some effort.
The water moccasin bites you but does no damage.
Duvessa hits you with a +0 short sword!
* * * LOW HITPOINT WARNING * * *
The water moccasin bites you.
* * * LOW HITPOINT WARNING * * *
Duvessa barely misses you. 😱 HP[-13]
You take 13 damage, and now have 2/63 hp.
MASSIVE DAMAGE!! (PAUSE)
Okay, then.
Okay, then.
Okay, then.
Aiming: Mindburst
Press: ? - help, Shift-Dir - straight line, f/p - Duvessa
Aim: Duvessa, wielding a +0 short sword and wearing a +0 ring mail (lightly wounded, berserk, chance to affect: 47%) Duvessa's mind is blasted!
Duvessa hits you but does no damage.
The water moccasin bites you but does no damage.
Aiming: Mindburst
Press: ? - help, Shift-Dir - straight line, f/p - Duvessa
Aim: Duvessa, wielding a +0 short sword and wearing a +0 ring mail (moderately wounded, berserk, chance to affect: 47%) Duvessa's mind is blasted.
Your transformation is almost over.
Duvessa hits you but does no damage. You block the water moccasin's attack.
Duvessa hits you with a +0 short sword.
You die...

Skill      XL: |  1  2  3  4 |
---------------+-------------+-----
Unarmed Combat | 2 |  2.1
Armour         | 3 4 5 |  5.1
Dodging        | 1 |  1.6
Fighting       | |  2.6
Shields        | |  2.6

Action                   |  1- 3 |  4- 6 || total
-------------------------+-------+-------++-------
Melee: Dagger            |   147 |    61 ||   208
       Unarmed           |    16 |       ||    16
Evoke: Wand              |       |     4 ||     4
  Use: Scroll            |     3 |     2 ||     5
       Potion            |       |     9 ||     9
 Stab: Sleeping          |     1 |       ||     1
       Invisible         |       |     3 ||     3
Armor: Scale mail        |    24 |       ||    24
       Leather armour    |    21 |     8 ||    29
       Skin              |       |    49 ||    49
Dodge: Dodged            |    77 |    16 ||    93
Block: Buckler           |    37 |    12 ||    49

Levels and vault maps discovered:
D:1:      mrwooster_arrival_statue_2, layout_basic, serial_shops,
          nicolae_shop_trees
D:2:      layout_loops_cross, shapermc_ecumenical_altar_notcrosses
D:3:      layout_basic, mainiacjoe_overflow_brackets, lightli_temple_of_fire,
          mainiacjoe_overflow_paths, zin_angel, st_stairs_6,
          nicolae_grassy_gnolls
D:4:      layout_layer_cave, okawaru_ov_weapons_minmay, uniq_duvessa

Notes
Turn   | Place    | Note
-------+----------+-------------------------------------------
     0 | D:1      | spaghetti the Demigod Fighter began the quest for the Orb.
     0 | D:1      | Reached XP level 1. HP: 18/18 MP: 3/3
     0 | D:1      | magus.rc [v1.9.6]
   125 | D:1      | Reached skill level 2 in Unarmed Combat
   385 | D:1      | Reached skill level 3 in Armour
   442 | D:1      | Reached XP level 2. HP: 23/25 MP: 4/4
   472 | D:1      | Found Emnysos's Weapon Boutique.
  1528 | D:2      | Reached XP level 3. HP: 19/30 MP: 5/5
  1538 | D:2      | Reached skill level 4 in Armour
  1988 | D:2      | Identified the +1 leather armour of Caustic Creativity
                  | {Dex+3}
  2657 | D:3      | Reached XP level 4. HP: 32/37 MP: 6/6
  2928 | D:3      | Reached skill level 5 in Armour
  3171 | D:3      | Noticed an angel
  3551 | D:4      | Noticed Dowan
  3552 | D:4      | Noticed Duvessa
  3556 | D:4      | Noticed a water moccasin
  3562 | D:4      | Killed Dowan
  3563 | D:4      | Reached skill level 1 in Dodging
  3563 | D:4      | Reached XP level 5. HP: 42/42 MP: 7/7
  3575 | D:4      | HP: 15/63 [Duvessa/+0 short sword (10)]
  3576 | D:4      | HP: 5/63 [Duvessa/+0 short sword (10)]
  3576 | D:4      | HP: 2/63 [water moccasin (3)]
  3578 | D:4      | Slain by Duvessa

Vanquished Creatures
  Dowan (D:4)
  4 adders
  4 gnolls (D:3)
  2 worms (D:2)
  A dart slug (D:2)
  3 orcs (D:3)
  7 ball pythons
  2 bats
  5 endoplasms
  A giant cockroach (D:1)
  6 goblins
  6 hobgoblins
  A quokka (D:3)
  4 frilled lizards
  5 kobolds
  6 rats
58 creatures vanquished.

Vanquished Creatures (others)
  A plant (D:3)
1 creature vanquished.

Grand Total: 59 creatures vanquished

Table legend:
 A = Non-vault XP
 B = Vault XP
 C = Vault XP percentage of total XP
 D = Non-vault monster count
 E = Vault monster count
 F = Vault count percentage of total count
                 A         B        C        D         E       F
            +---------+---------+-------+---------+---------+-------
      Total |     141 |     128 |  47.6 |      52 |       6 |  10.3
            +---------+---------+-------+---------+---------+-------
        D:1 |      21 |       0 |   0.0 |      14 |       0 |   0.0
        D:2 |      55 |       0 |   0.0 |      16 |       0 |   0.0
        D:3 |      61 |      59 |  49.2 |      20 |       5 |  20.0
        D:4 |       4 |      69 |  94.5 |       2 |       1 |  33.3
            +---------+---------+-------+---------+---------+-------

Illustrated notes

Table legend:
 A = Kills in this place as a percentage of kills in entire the game.
 B = Kills by you in this place as a percentage of kills by you in the entire game.
 C = Kills by friends in this place as a percentage of kills by friends in the entire game.
 D = Other kills in this place as a percentage of other kills in the entire game.
 E = Experience gained in this place as a percentage of experience gained in the entire game.
 F = Experience gained in this place divided by the number of levels of this place that you have seen.
                   A       B       C       D       E      F
               +-------+-------+-------+-------+-------+----------------------
         Total | 100.0 | 100.0 |   N/A |   N/A | 100.0 |  67.2
       Dungeon | 100.0 | 100.0 |   N/A |   N/A | 100.0 |  67.2
               +-------+-------+-------+-------+-------+----------------------

Table legend: (Time is in decaauts)
 A = Elapsed time spent in this place.
 B = Non-inter-level travel time spent in this place.
 C = Inter-level travel time spent in this place.
 D = Time resting spent in this place.
 E = Time spent auto-exploring this place.
 F = Levels seen in this place.
 G = Mean time per level.
                   A        B        C        D        E       F      G
               +--------+--------+--------+--------+--------+-----+--------+
         Total |   3572 |   3370 |    202 |    708 |   2164 |   4 |  893.0 |
       Dungeon |   3572 |   3370 |    202 |    708 |   2164 |   4 |  893.0 |
               +--------+--------+--------+--------+--------+-----+--------+

Top non-repeatable levels by time:
     D:3: 1130 daAuts
     D:2: 1106 daAuts
     D:1: 1044 daAuts
     D:4: 290 daAuts
